 Dungeon Crawl Stone Soup version 0.17-a0-1767-gccbed74 (webtiles) character file.

592 Oddball22 the Digger (level 7, -6/36 HPs)
             Began as a Gargoyle Earth Elementalist on Sept 6, 2015.
             Was a Follower of Qazlal.
             Splashed by a jelly's acid (8 damage)
             ... on level 4 of the Dungeon.
             The game lasted 00:16:03 (5624 turns).

Oddball22 the Digger (Gargoyle Earth Elementalist)  Turns: 5624, Time: 00:16:03

Health: -6/36      AC:  5    Str: 14    XL:     7   Next: 39%
Magic:  17/20      EV: 11    Int: 15    God:    Qazlal [*.....]
Gold:   91         SH:  1    Dex: 10    Spells: 4 memorised, 3 levels left

rFire  + . .     SeeInvis .     u - +0 trident (freeze)
rCold  . . .     Clarity  .     v - +1 leather armour {rF+}
rNeg   + . .     SustAt   +     (no shield)
rPois  ∞         Gourm    .     x - +0 helmet
rElec  +         Spirit   .     (no cloak)
rCorr  .         Warding  .     (no gloves)
rMut   .         Stasis   .     (no boots)
MR     .....                    (no amulet)
Stlth  ++........               i - ring of magical power
                                b - ring of sustain attributes

@: corroded equipment, very slightly contaminated, not resistant to hostile
enchantments, unstealthy
A: negative energy resistance 1, electricity resistance, unbreathing,
petrification resistance, rot immunity, AC +4
a: Renounce Religion


You were on level 4 of the Dungeon.
You worshipped Qazlal.
Qazlal was aware of your devotion.
You were not hungry.

You visited 1 branch of the dungeon, and saw 4 of its levels.

You collected 91 gold pieces.

Inventory:

Hand weapons
 s - a +2 dagger of speed
 u - a +0 trident of freezing (weapon)
Missiles
 a - 250 stones (quivered)
 t - 26 bolts
Armour
 v - a +1 leather armour of fire resistance (worn)
 x - a +0 helmet (worn)
Jewellery
 b - a ring of sustain attributes (left hand)
 i - a ring of magical power (right hand)
 o - an uncursed ring of protection from cold
Scrolls
 e - 7 scrolls of identify
 h - 2 scrolls of blinking
 m - 2 scrolls of teleportation {unknown}
 n - 2 scrolls of random uselessness {unknown}
 p - 2 scrolls of amnesia {unknown}
 q - 3 scrolls of remove curse {unknown}
Potions
 j - a potion of heal wounds {unknown}
 l - 2 potions of brilliance {unknown}
Books
 c - a book of Geomancy

   Spells                             Type                      Level
   a - Sandblast                      Earth                        1
   b - Stoneskin                      Transmutation/Earth          2
   c - Passwall                       Transmutation/Earth          3
   d - Stone Arrow                    Conjuration/Earth            3
   e - Petrify                        Transmutation/Earth          4
   f - Lee's Rapid Deconstruction     Earth                        5
Comestibles
 d - 5 bread rations
 f - 14 fruits
 g - 3 royal jellies
 r - a slice of pizza


   Skills:
 - Level 1.5 Dodging
 - Level 2.1 Stealth
 - Level 3.0 Spellcasting
 * Level 5.1 Conjurations
 - Level 2.0 Transmutations
 + Level 6.8 Earth Magic


You had 3 spell levels left.
You knew the following spells:

 Your Spells              Type           Power        Failure   Level  Hunger
a - Sandblast             Erth           ###...       1%          1    #......
b - Stoneskin             Trmt/Erth      ###.....     8%          2    ##.....
c - Passwall              Trmt/Erth      ###.......   14%         3    ###....
d - Stone Arrow           Conj/Erth      ###...       10%         3    ###....


Dungeon Overview and Level Annotations

Branches:
Dungeon (4/15)             Temple (0/1) D:4

Altars:
Ashenzari
Fedhas
Gozag
Makhleb
Qazlal
Ru
Sif Muna
Yredelemnul
The Shining One


Innate Abilities, Weirdness & Mutations

You are resistant to torment.
Your stone body is resilient (AC +4).
You are immune to poison.
You resist negative energy.
You are resistant to electric shocks.
You can survive without breathing.
You are immune to petrification.
You are immune to rotting.


Message History

The jelly is severely wounded.
The jelly hits you but does no damage.
You hit the jelly. You freeze the jelly.
Your hands burn!
The jelly is almost dead.
The jelly hits you.
* * * LOW HITPOINT WARNING * * *
You are splashed with acid!
The acid burns!
* * * LOW HITPOINT WARNING * * *
The jelly hits you but does no damage.
Casting: Stone Arrow
Confirm with . or Enter, or press ? or * to list all spells.
Aiming: Stone Arrow
Press: ? - help, Shift-Dir - straight line, f - jelly
Aim: a jelly (almost dead)
You miscast Stone Arrow.
You are very lightly contaminated with residual magic.
Strange energies run through your body. The jelly hits you.
* * * LOW HITPOINT WARNING * * *
You are splashed with acid!
The acid burns!
You die...

#..#..# #.......#...#.#
......#####.......#####.#
...##....#.........#....#
.######..#⌠..#+#..⌠#..### .#
##.###....####..# ##
#....#...#..§..# #
###..#...#.§#..# ####
#..#..##J##.####### ...###
#......@.#........#
##...#####.....##...######.##
####...........##.### #..# #
########....##># ##.# #
#....##.# #.# #######
#....##.# #.# ......#
#....##.# ####.## ......#
#.##....# #.....# ..>...#
#.####..######.###.#


You could see a jelly.

Vanquished Creatures
  Sigmund (D:2)
  An ogre (D:4)
  A scorpion (D:4)
  A centaur skeleton (D:4)
  A hound skeleton (D:4)
  Robin (D:3)
  4 gnolls (D:2)
  11 adders
  6 worms
  2 giant geckos
  7 orcs
  A giant cockroach (D:4)
  17 goblins
  13 hobgoblins
  3 jackals (D:3)
  2 quokkas
  2 ball pythons
  7 bats
  3 giant newts
  2 jackal skeletons (D:4)
  10 kobolds
  5 rats
101 creatures vanquished.

Notes
Turn   | Place    | Note
--------------------------------------------------------------
     0 | D:1      | Oddball22 the Gargoyle Earth Elementalist began the quest for the Orb.
     0 | D:1      | Reached XP level 1. HP: 10/10 MP: 3/3
    63 | D:1      | Reached skill level 4 in Earth Magic
   151 | D:1      | Reached XP level 2. HP: 12/15 MP: 0/5
   155 | D:1      | Learned a level 2 spell: Stoneskin
   328 | D:1      | Reached skill level 1 in Transmutations
   883 | D:2      | Reached XP level 3. HP: 7/19 MP: 0/6
  1776 | D:2      | Reached XP level 4. HP: 6/24 MP: 0/8
  2099 | D:2      | Reached skill level 5 in Earth Magic
  2104 | D:2      | Learned a level 3 spell: Passwall
  2200 | D:2      | Noticed Sigmund
  2971 | D:3      | Reached XP level 5. HP: 26/28 MP: 9/9
  2976 | D:3      | Learned a level 3 spell: Stone Arrow
  3119 | D:3      | Found a glowing golden altar of the Shining One.
  3277 | D:3      | Found a faded altar to an unknown god.
  3907 | D:2      | Killed Sigmund
  3907 | D:2      | Reached skill level 6 in Earth Magic
  3907 | D:2      | Reached XP level 6. HP: 32/32 MP: 9/10
  4052 | D:4      | Found a shattered altar of Ashenzari.
  4238 | D:4      | Found a stormy altar of Qazlal.
  4246 | D:4      | Became a worshipper of Qazlal Stormbringer
  4360 | D:4      | Found a staircase to the Ecumenical Temple.
  4361 | D:4      | Noticed Robin
  4365 | D:4      | Noticed an ogre
  4734 | D:4      | Reached XP level 7. HP: 24/36 MP: 11/11
  4889 | D:3      | Killed Robin
  5037 | D:4      | Killed an ogre
  5037 | D:4      | Reached skill level 5 in Conjurations
  5327 | D:4      | Found a blossoming altar of Fedhas.
  5330 | D:4      | Found an opulent altar of Gozag.
  5330 | D:4      | Found a basalt altar of Yredelemnul.
  5333 | D:4      | Found a burning altar of Makhleb.
  5453 | D:4      | Found a deep blue altar of Sif Muna.
  5495 | D:4      | Found a sacrificial altar of Ru.
  5518 | D:4      | Acquired Qazlal's first power
  5624 | D:4      | Splashed by a jelly's acid

Vault maps used:
D:1:      dpeg_arrival_lava_temple_mockup, nrook_mini_vaults
D:2:      uniq_sigmund
D:3:      nicolae_tso_carved_into_rock, ecumenical_altar_2, first_bread
D:4:      evilmike_ruin_ashenzari, lemuel_round_altar,
          grunt_temple_overflow_open, led_sif_pool,
          minmay_temple_entry_statues_pillars, gup_sewer_entry_spiral,
          hangedman_ru_absence, uniq_robin

Action                   |  1- 3 |  4- 6 |  7- 9 || total
-------------------------+-------+-------+-------++-------
Melee: Unarmed           |    24 |       |       ||    24
       Dagger            |    21 |       |       ||    21
       Spear             |    49 |    94 |       ||   143
       Trident           |       |   130 |    63 ||   193
 Cast: Sandblast         |    44 |    46 |       ||    90
       Passwall          |       |     1 |       ||     1
       Stone Arrow       |       |     3 |     9 ||    12
  Use: Scroll            |       |     2 |       ||     2
 Stab: Sleeping          |     1 |     3 |       ||     4
       Distracted        |       |     1 |       ||     1
  Eat: Chunk             |     1 |     7 |     1 ||     9
       Bread ration      |     1 |     1 |       ||     2
